Map: Lerilak Crest

Players

llllllllllll - Winner!

  • Race: Terran Terran
  • League: Platinum

Javert

  • Race: Zerg Zerg
  • League: Platinum

VOD

Have the link to the VOD?

Description

Time

  • Played on: Aug. 24, 2015, 12:51 a.m.
  • Length: 9:44
Show
View Real Time Build Order
Export as new Build Order

llllllllllll Terran - Winner!

Build Orders:  

Get SALT Encoding   

  12  0:01  SCV  
  13  0:13  SCV  
  14  0:17  Supply Depot  
  14  0:25  SCV  
  15  0:28  Refinery  
  15  0:39  SCV  
  16  0:46  Barracks  
  16  0:51  SCV  
  16  0:56  Refinery  
  17  1:03  SCV  
  18  1:15  SCV  
  19  1:27  SCV  
  20  1:34  Factory  
  20  1:36  Barracks Reactor  
  20  1:39  Orbital Command  
  20  1:50  Supply Depot  
  20  2:06  SCV  
  21  2:13  Marine x2  
  23  2:18  Factory Tech Lab, SCV  
  24  2:30  SCV  
  24  2:31  Marine x2  
  27  2:37  Siege Tank  
  30  2:48  Starport  
  30  2:51  Marine  
  31  2:53  Marine  
  32  2:59  SCV  
  33  3:10  Supply Depot  
  33  3:12  SCV  
  34  3:20  Marine x2  
  34  3:24  Medivac  
  38  3:32  Supply Depot  
  37  3:34  SCV  
  38  3:46  SCV  
  39  3:55  Supply Depot, Armory  
  39  4:01  Starport Reactor  
  39  4:07  Marine x2  
  39  4:08  SCV  
  42  4:23  Liberator x2  
  48  4:50  SCV  
  48  4:51  Marine x2  
  51  4:59  Command Center  
  51  5:09  Marine x2  
  51  5:10  Liberator  
  51  5:13  SCV, Liberator  
  54  5:18  Supply Depot  
  54  5:26  Marine  
  58  5:34  Marine  
  62  6:06  Liberator  
  62  6:08  Siege Tank  
  65  6:16  Marine x2  
  70  6:33  Marine  
  70  6:34  Marine  
  72  6:40  Siege Tank  
  72  6:43  SCV x2  
  77  6:51  Marine x2  
  79  6:55  SCV x2  
  71  7:09  Marine x2  
  71  7:11  Liberator  
  71  7:12  Siege Tank  
  67  7:24  Liberator  
  67  7:27  Marine x2  
  67  7:29  SCV x2  
  67  7:32  Refinery  
  67  7:34  Refinery  
  67  7:41  SCV  
  72  7:45  Marine x2  
  74  7:53  SCV, Orbital Command  
  74  8:02  Marine  
  74  8:03  Marine  
  79  8:05  Siege Tank, Engineering Bay  
  76  8:19  Viking  
  78  8:20  Marine  
  79  8:29  Viking  
  79  8:32  Liberator  
  75  8:37  Marine  
  75  8:48  Marine  
  76  8:55  Marine  
  83  9:06  Marine  
  84  9:13  Marine  
  84  9:14  Hellion  
  87  9:23  Marine  
Show
View Real Time Build Order
Export as new Build Order

Javert Zerg 

Build Orders: Hatch First 

Get SALT Encoding   

  12  0:01  Drone  
  13  0:15  Overlord  
  13  0:19  Drone  
  14  0:33  Drone x2  
  16  0:37  Drone  
  17  0:55  Drone  
  17  0:56  Hatchery  
  17  0:57  Extractor  
  16  1:05  Drone  
  16  1:11  Drone  
  18  1:19  Spawning Pool  
  18  1:22  Drone  
  18  1:31  Drone  
  19  1:41  Drone  
  20  1:53  Drone  
  21  2:04  Overlord  
  21  2:07  Metabolic Boost, Queen  
  23  2:09  Queen  
  23  2:11  Zergling x2  
  23  2:14  Zergling x2  
  27  2:21  Drone  
  28  2:27  Drone  
  29  2:32  Drone  
  30  2:45  Drone x2  
  30  2:46  Queen x2  
  30  2:47  Overlord  
  36  2:58  Overlord x2  
  36  3:10  Drone x2  
  36  3:12  Overlord  
  38  3:18  Overlord  
  38  3:26  Lair  
  38  3:27  Drone x3  
  38  3:28  Extractor  
  39  3:38  Drone x3  
  42  3:44  Roach Warren  
  41  3:48  Overlord  
  41  3:56  Overlord x2  
  41  3:57  Drone  
  41  3:58  Drone  
  43  4:11  Overlord  
  43  4:12  Drone x4  
  43  4:14  Extractor  
  43  4:15  Extractor  
  45  4:24  Spore Crawler x2  
  41  4:50  Drone  
  41  4:51  Drone x7  
  41  4:52  Glial Reconstitution  
  49  4:54  Queen x2  
  53  5:00  Spore Crawler  
  53  5:04  Spore Crawler  
  51  5:08  Zergling x2  
  51  5:09  Baneling Nest, Zergling x6  
  54  5:16  Zergling x2  
  55  5:31  Drone x3  
  55  5:35  Hatchery  
  57  5:37  Overlord  
  57  5:48  Queen x2  
  61  6:13  Overlord x2  
  61  6:14  Zergling x2  
  61  6:15  Zergling x10  
  61  6:16  Centrifical Hooks  
  67  6:39  Baneling x5  
  67  6:40  Baneling x18  
  67  6:42  Zergling x2  
  67  6:43  Zergling x10  
  73  6:48  Overlord  
  73  7:04  Spore Crawler  
  52  7:18  Zergling x12  
  52  7:35  Drone  
  52  7:36  Drone x8, Queen  
  52  7:37  Queen  
  65  7:50  Zergling x2  
  65  7:51  Zergling x4  
  68  7:53  Baneling x11  
  68  7:57  Overseer  
  68  8:05  Drone x5  
  73  8:07  Extractor  
  73  8:08  Extractor  
  73  8:10  Roach x3  
  77  8:26  Zergling x2  
  77  8:27  Zergling x4  
  71  8:39  Roach  
  71  8:40  Roach x5  
  77  8:43  Queen x3  
  83  8:53  Zergling x2  
  83  8:54  Zergling x10  
  82  8:58  Spine Crawler x2  
  82  9:00  Zergling x2  
  67  9:11  Roach x4  
  67  9:16  Baneling  
  67  9:17  Baneling x3  
  72  9:18  Zergling x10  
Tags
 
Add a new tag
Caveats
  • Supply blocks, unpowered buildings, or Contaminate may cause inaccurate times.
  • Supply counts are checked every 10 seconds.